AoeStats
← blackjack6894

Arena

508563841Analyzed
4v4 RM · 8d ago on Sep 23, 2026· 62m 29s· 8 players
Game mode
Random Map
Map size
Large (8 player)
Population
200
Speed
Normal
Resources
Standard
Victory
Conquest
Starting age
Dark Age
Ending age
Imperial Age
RankedLock teamsTeams togetherTeam positionsShared explorationLock speedFull tech treeHidden civsTurbo modeCheats
Victory
Defeat
🇺🇸 Saxons · United States
887
+11
🇲🇽 Vikings · Mexico
710
+18
🇺🇸 Poles · United States
703
+18
🇺🇸 Malians · United States
575
+23
🇦🇷 Saxons · Argentina
792
-19
🇦🇷 Varangians · Argentina
770
-18
🇺🇾 Danes · Uruguay
767
-18
🇪🇸 Spanish · Spain
701
-15
Hannibal
0:40 Loom
12:16 Feudal Age
14:26 Horse Collar
19:09 Castle Age
17:24 Bloodlines
17:55 Double-Bit Axe
23:19 Stone Mining
22:59 Man-at-Arms
24:22 Town Watch
24:55 Forging
25:50 Wheelbarrow
25:47 Squires
29:56 Treadmill Crane
30:11 Long Swordsman
30:55 Squires
33:58 Imperial Age
32:07 Hand Cart
32:35 Heavy Plow
34:01 Iron Casting
33:17 Fletching
33:53 Masonry
34:32 Szlachta Privileges
35:58 Bow Saw
36:05 Husbandry
35:26 Cavalier
37:36 Scale Barding Armor
37:29 Bodkin Arrow
38:34 Blast Furnace
39:26 Conscription
39:58 Crop Rotation
39:39 Light Cavalry
41:31 Chemistry
40:52 Ballistics
40:43 Fortified Wall
40:30 Murder Holes
41:54 Bracer
43:01 Chain Barding Armor
44:09 Winged Hussar
48:44 Siege Engineers
48:44 Padded Archer Armor
49:55 Lechitic Legacy
49:00 Elite Obuch
50:26 Caravan
51:33 Gold Mining
53:26 Stone Shaft Mining
59:08 Hoardings
blackjack6894
4:14 Loom
12:09 Feudal Age
13:38 Wheelbarrow
13:10 Double-Bit Axe
13:56 Town Watch
13:59 Horse Collar
21:26 Castle Age
20:12 Bloodlines
20:28 Scale Barding Armor
21:31 Forging
22:38 Husbandry
21:59 Light Cavalry
23:30 Bow Saw
24:23 Hand Cart
24:44 Heavy Plow
25:24 Stone Mining
25:28 Gold Mining
28:07 Stone Shaft Mining
28:12 Gold Shaft Mining
28:37 Chain Barding Armor
28:53 Iron Casting
35:01 Imperial Age
32:41 Caravan
36:51 Conscription
35:54 Elite Gbeto
41:05 Ballistics
40:59 Masonry
43:55 Fervor
44:52 Crop Rotation
47:00 Scale Mail Armor
47:36 Plate Barding Armor
46:53 Fletching
48:53 Chemistry
47:51 Murder Holes
48:27 Architecture
48:17 Chain Mail Armor
48:09 Squires
50:14 Bodkin Arrow
50:32 Tigui
53:57 Cavalier
55:52 Farimba
56:39 Sanctity
57:00 Plate Mail Armor
59:56 Town Patrol
60:02 Padded Archer Armor
ELITEMARIO69
10:02 Loom
12:30 Feudal Age
16:29 Double-Bit Axe
16:27 Horse Collar
22:05 Castle Age
24:47 Pikeman
26:15 Forging
27:33 Scale Mail Armor
29:30 Fletching
34:47 Bow Saw
39:40 Imperial Age
37:36 Gold Mining
39:50 Iron Casting
39:31 Chain Mail Armor
39:12 Bodkin Arrow
39:56 Heavy Plow
40:21 Chieftains
40:34 Elite Berserk
41:39 Conscription
42:01 Plate Mail Armor
42:26 Gold Shaft Mining
42:26 Town Watch
43:14 Crop Rotation
43:59 Blast Furnace
45:04 Squires
44:50 Arson
45:44 Elite Varangian Guard
46:01 Capped Ram
46:27 Onager
48:14 Town Patrol
48:28 Bracer
48:28 Padded Archer Armor
50:39 Siege Ram
54:16 Bogsveigar
54:36 Leather Archer Armor
54:26 Scale Barding Armor
54:21 Stone Mining
55:46 Chemistry
54:27 Treadmill Crane
54:57 Masonry
55:08 Ballistics
54:45 Murder Holes
55:01 Fortified Wall
commanderflufy0
8:46 Feudal Age
9:34 Double-Bit Axe
9:43 Loom
16:43 Castle Age
16:35 Gold Mining
17:29 Gambesons
17:45 Squires
17:30 Arson
18:17 Stone Mining
18:34 Scale Mail Armor
21:10 Horse Collar
23:01 Forging
23:58 Wheelbarrow
25:37 Hand Cart
28:32 Iron Casting
28:13 Chain Mail Armor
28:17 Bow Saw
28:30 Man-at-Arms
29:26 Chain Mail Armor
29:11 Long Swordsman
34:26 Imperial Age
32:13 Gold Mining
32:44 Caravan
35:46 Two-Handed Swordsman
36:37 Champion
37:49 Conscription
38:01 Siege Engineers
39:10 Plate Mail Armor
38:53 Shield Wall
39:22 Elite Hearth Troop
41:11 Conscription
41:09 Capped Ram
43:02 Two-Man Saw
42:33 Ballistics
42:06 Fletching
42:09 Siege Ram
45:16 Heavy Plow
46:42 Bodkin Arrow
47:23 Bracer
48:10 Crop Rotation
47:37 Clerical Recruitment
49:50 Chemistry
54:21 Elite Varangian Guard
55:47 Gold Shaft Mining
62:16 Spies/Treason
elmerson4188
2:42 Loom
11:29 Feudal Age
12:01 Double-Bit Axe
13:21 Wheelbarrow
16:39 Horse Collar
21:03 Castle Age
21:18 Forging
21:54 Stone Mining
22:20 Bow Saw
23:52 Gold Mining
25:18 Iron Casting
27:02 Hand Cart
29:27 Scale Barding Armor
39:26 Stone Shaft Mining
41:38 Imperial Age
39:37 Ballistics
39:48 Chain Barding Armor
39:19 Fletching
39:32 Scale Mail Armor
39:32 Padded Archer Armor
38:57 Pikeman
39:38 Squires
41:07 Thumb Ring
44:14 Redemption
47:45 Husbandry
47:06 Cavalier
48:17 Fervor
50:10 Elite Conquistador
51:34 Onager
53:00 Murder Holes
JoaKo_uy
0:30 Loom
10:05 Feudal Age
11:56 Double-Bit Axe
13:03 Man-at-Arms
13:59 Horse Collar
15:55 Arson
23:24 Scale Mail Armor
23:35 Forging
33:55 Castle Age
32:37 Wheelbarrow
40:44 Imperial Age
40:55 Imperial Age
44:28 Hand Cart
44:24 Fletching
51:13 Heavy Plow
55:27 Conscription
QueMatracaAriel
12:06 Feudal Age
12:45 Double-Bit Axe
14:04 Horse Collar
14:24 Stone Mining
21:09 Castle Age
19:23 Gold Mining
22:08 Wheelbarrow
23:53 Bow Saw
23:44 Heavy Plow
26:44 Gold Shaft Mining
28:14 Forging
28:04 Scale Mail Armor
28:33 Squires
28:23 Gambesons
30:20 Hand Cart
36:16 Imperial Age
33:33 Loom
33:42 Loom
33:43 Town Watch
34:55 Town Patrol
35:39 Iron Casting
35:19 Chain Mail Armor
36:07 Arson
37:25 Conscription
36:51 Elite Hearth Troop
37:27 Cranequins
37:28 Heavy Mounted Crossbowman
38:47 Conscription
39:39 Masonry
39:13 Shield Wall
40:59 Architecture
44:12 Elite Varangian Guard
45:15 Fortified Wall
45:54 Plate Mail Armor
SHEGO
0:27 Loom
10:29 Feudal Age
10:48 Loom
11:35 Horse Collar
11:41 Double-Bit Axe
11:44 Town Watch
17:33 Wheelbarrow
20:12 Castle Age
19:07 Stone Mining
19:10 Gold Mining
21:05 Bow Saw
21:41 Stone Shaft Mining
22:02 Heavy Plow
22:10 Arson
22:25 Squires
22:11 Gambesons
32:37 Hand Cart
32:24 Town Patrol
34:30 Ballistics
34:30 Masonry
36:21 Fervor
37:32 Forging
37:23 Scale Mail Armor
41:09 Imperial Age
39:28 Fortified Wall
39:40 Ballistics
41:07 Vendel Legacy
42:12 Conscription
44:08 Elite Varangian Guard
51:06 Elite Jarl
51:10 Gothikon
52:59 Crop Rotation
53:32 Two-Man Saw
53:11 Architecture
53:41 Chemistry
53:14 Architecture
57:34 Husbandry
57:45 Bloodlines
57:49 Scale Barding Armor
57:59 Chain Mail Armor
58:19 Iron Casting
57:35 Fletching
59:11 Treadmill Crane
59:27 Murder Holes
Connection lost

Rejoining the realm…

Still unreachable

The connection could not be restored.

Session expired

The server has moved on; the page needs a fresh start.